 Dungeon Crawl Stone Soup version 0.30.0-3-ga4e48a9924 (webtiles) character file.

Game seed: 5216946238118971042

172 zazu2006 the Ducker (level 5, 0/55 HPs)
             Began as a Gnoll Wanderer on May 8, 2023.
             Succumbed to an adder's poison
             ... on level 3 of the Dungeon.
             The game lasted 00:03:22 (1724 turns).

zazu2006 the Ducker (Gnoll Wanderer)                Turns: 1724, Time: 00:03:23

Health: 0/55       AC:  4    Str:  9    XL:     5   Next: 52%
Magic:  12/12      EV: 14    Int: 13    God:
Gold:   173        SH:  0    Dex: 14    Spells: 14/14 levels left

rFire   . . .        o - +0 scimitar
rCold   . . .        l - orb {*Rage}
rNeg    . . .        d - +0 leather armour
rPois   .            (no helmet)
rElec   .            r - +0 cloak
rCorr   .            (no gloves)
SInv    .            (no boots)
Will    .....        (no amulet) Stlth
                     (no ring)
HPRegen 0.29/turn    (no ring)
MPRegen 0.13/turn

%: random rage (20%)
@: berserking, lethally poisoned (0 -> -4), very quick
A: fangs 1, strong nose, distributed training
a: no special abilities


You were on level 3 of the Dungeon.
You visited 1 branch of the dungeon, and saw 3 of its levels.

You collected 173 gold pieces.

Inventory:

Hand Weapons
 a - a +0 dagger
 o - a +0 scimitar (weapon)
Missiles
 b - 3 throwing nets (quivered)
 c - 16 poisoned darts
Armour
 d - a +0 leather armour (worn)
 l - an orb of wrath (worn)
 r - a +0 cloak (worn)
Jewellery
 p - an amulet of the acrobat
Scrolls
 f - 2 scrolls of enchant armour {unknown}
 h - 2 scrolls of identify {unknown}
 i - a scroll of immolation {unknown}
 k - 2 scrolls of amnesia {unknown}
 m - a scroll of poison {unknown}
 s - 2 scrolls of teleportation {unknown}
 t - 2 scrolls of blinking {unknown}
 v - a scroll of brand weapon {unknown}
Potions
 e - a potion of lignification
 g - a potion of heal wounds {unknown}
 j - a potion of flight {unknown}
 n - a potion of cancellation {unknown}
 q - a potion of curing {unknown}
 u - a potion of magic {unknown}


   Skills:
 + Level 1.6 Fighting
 + Level 1.6 Short Blades
 + Level 1.6 Long Blades
 + Level 1.6 Axes
 + Level 1.6 Maces & Flails
 + Level 1.6 Polearms
 + Level 1.6 Staves
 + Level 1.6 Ranged Weapons
 + Level 3.0 Throwing
 + Level 1.6 Armour
 + Level 6.7 Dodging
 + Level 1.6 Stealth
 + Level 1.6 Shields
 + Level 1.6 Unarmed Combat
 + Level 5.2 Spellcasting
 + Level 1.2 Conjurations
 + Level 1.2 Hexes
 + Level 1.2 Summonings
 + Level 4.0 Necromancy
 + Level 1.2 Translocations
 + Level 1.2 Transmutations
 + Level 1.2 Fire Magic
 + Level 1.2 Ice Magic
 + Level 1.2 Air Magic
 + Level 1.2 Earth Magic
 + Level 1.2 Poison Magic
 + Level 1.8 Invocations
 + Level 4.8 Evocations


You had 14 spell levels left.
You didn't know any spells.
Your spell library contained the following spells:

 Spells                   Type           Power      Damage    Failure   Level
 Sublimation of Blood     Necr           13%        N/A       8%          2
 Cigotuvi's Dreadful Rot  Necr/Pois/Air  18%        N/A       16%         2


Dungeon Overview and Level Annotations

Branches:
Dungeon (3/15)

Altars:


Innate Abilities, Weirdness & Mutations

You have very sharp teeth.
Your uncanny sense of smell can sniff out nearby items.
Your experience applies equally to all skills.


Message History

a +0 club; a potion of might; a scroll labelled BYGRUINTIR You closely miss the adder.
You feel sick. The adder barely misses you. The adder closely misses you.
You miss the adder.
You feel sick. The adder bites you but does no damage.
You barely miss the adder.
You recover from your berserk rage.
You feel sick. The adder bites you but does no damage.
The adder completely misses you.
You barely miss the adder.
You feel sick. The adder closely misses you. x2
You miss the adder.
You feel sick.
You are no longer poisoned.
The adder bites you.
* * * LOW HITPOINT WARNING * * *
You are poisoned.
The adder poisons you! The adder closely misses you.
You barely miss the adder.
* * * LOW HITPOINT WARNING * * *
You feel sick. The adder barely misses you.
A red film seems to cover your vision as you go berserk!
You feel yourself moving faster!
You feel mighty!
You closely miss the adder. Your bite misses the adder.
You feel sick. The adder misses you. The adder completely misses you.
You barely miss the adder.
You feel sick. The adder barely misses you.
You miss the adder. Your bite misses the adder.
You feel sick. The adder barely misses you.
The adder bites you but does no damage.
You closely miss the adder. Your bite misses the adder.
You feel sick.
You are no longer poisoned.
The adder completely misses you.
You miss the adder. The adder barely misses you.
You barely miss the adder. The adder barely misses you.
You barely miss the adder. The adder bites you.
* * * LOW HITPOINT WARNING * * *
You are lethally poisoned!
The adder poisons you!
You closely miss the adder. Your bite misses the adder.
* * * LOW HITPOINT WARNING * * *
You feel sick. The adder barely misses you.
You closely miss the adder. You bite the adder.
The adder is moderately wounded.
You die...

...#
#...#......#.
##.###..###....##
#.##....#......#
#......###.....#
#.##..## ##...###
#.##..# ∆ #..##.#
#.###.# #...#.#
#.# #.# ##..##.#
#.# #.( #....#@#
#.# ..# #....#S#
#># .#..#..#.†#
#...##...# #...
#...# #..#..#..#
#.#....#.#
##......##
.......


You could see an adder.

Vanquished Creatures
  Terence (D:2)
  Jessica (D:2)
  An orc wizard (D:2)
  5 adders
  A worm (D:2)
  3 orcs (D:2)
  2 endoplasms
  2 giant cockroaches
  3 goblins
  5 hobgoblins
  4 jackals (D:2)
  4 kobolds
  A quokka (D:1)
  5 ball pythons
  4 bats
  3 rats (D:1)
45 creatures vanquished.

Notes
Turn   | Place    | Note
-------+----------+-------------------------------------------
     0 | D:1      | zazu2006 the Gnoll Wanderer began the quest for the Orb.
     0 | D:1      | zazu2006 set off with the following items: a +0 dagger, 4
                  | throwing nets, 10 poisoned darts, a +0 leather armour, a
                  | potion of lignification; and the following spells available
                  | to memorise: Sublimation of Blood, Cigotuvi's Dreadful Rot.
     0 | D:1      | Reached XP level 1. HP: 13/13 MP: 6/6
   199 | D:1      | Reached XP level 2. HP: 19/19 MP: 7/7
   807 | D:2      | Found a faded altar of an unknown god.
   913 | D:2      | Reached skill level 5 in Spellcasting
   913 | D:2      | Reached XP level 3. HP: 25/25 MP: 7/9
   952 | D:2      | Reached skill level 1 in Invocations
  1061 | D:2      | Noticed Jessica
  1067 | D:2      | Killed Jessica
  1068 | D:2      | Reached skill level 1 in Fighting
  1068 | D:2      | Reached skill level 1 in Short Blades
  1068 | D:2      | Reached skill level 1 in Long Blades
  1068 | D:2      | Reached skill level 1 in Axes
  1068 | D:2      | Reached skill level 1 in Maces & Flails
  1068 | D:2      | Reached skill level 1 in Polearms
  1068 | D:2      | Reached skill level 1 in Staves
  1068 | D:2      | Reached skill level 1 in Ranged Weapons
  1068 | D:2      | Reached skill level 1 in Armour
  1068 | D:2      | Reached skill level 1 in Stealth
  1068 | D:2      | Reached skill level 1 in Shields
  1068 | D:2      | Reached skill level 1 in Unarmed Combat
  1068 | D:2      | Reached XP level 4. HP: 32/32 MP: 11/11
  1199 | D:2      | Reached skill level 1 in Conjurations
  1199 | D:2      | Reached skill level 1 in Hexes
  1199 | D:2      | Reached skill level 1 in Summonings
  1199 | D:2      | Reached skill level 1 in Translocations
  1199 | D:2      | Reached skill level 1 in Transmutations
  1199 | D:2      | Reached skill level 1 in Fire Magic
  1199 | D:2      | Reached skill level 1 in Ice Magic
  1199 | D:2      | Reached skill level 1 in Air Magic
  1199 | D:2      | Reached skill level 1 in Earth Magic
  1199 | D:2      | Reached skill level 1 in Poison Magic
  1304 | D:2      | Identified the +6 sling "Luyn" {antimagic, Int+4 Dex+4}
  1445 | D:2      | Noticed Terence
  1452 | D:2      | Killed Terence
  1453 | D:2      | Reached XP level 5. HP: 34/37 MP: 12/12
  1723 | D:3      | HP: 1/55 [poisoned by an adder]
  1724 | D:3      | Succumbed to an adder's poison

Illustrated notes

Levels and vault maps discovered:
D:1:      scummos_arrival_checkerplants, layout_basic, minmay_tetromino_i2
D:2:      layout_loops_ring, nicolae_ecumenical_pavilion, minmay_box_of_dots,
          uniq_terence, uniq_jessica
D:3:      layout_loops_corners, nicolae_half_adder, uniq_sigmund

Skill      XL: |  1  2  3  4  5 |
---------------+----------------+-----
Spellcasting   | 5 |  5.2
Invocations    | 1 |  1.8
Fighting       | 1 |  1.6
Short Blades   | 1 |  1.6
Long Blades    | 1 |  1.6
Axes           | 1 |  1.6
Maces & Flails | 1 |  1.6
Polearms       | 1 |  1.6
Staves         | 1 |  1.6
Ranged Weapons | 1 |  1.6
Armour         | 1 |  1.6
Stealth        | 1 |  1.6
Shields        | 1 |  1.6
Unarmed Combat | 1 |  1.6
Conjurations   | 1 |  1.2
Hexes          | 1 |  1.2
Summonings     | 1 |  1.2
Translocations | 1 |  1.2
Transmutations | 1 |  1.2
Fire Magic     | 1 |  1.2
Ice Magic      | 1 |  1.2
Air Magic      | 1 |  1.2
Earth Magic    | 1 |  1.2
Poison Magic   | 1 |  1.2
Throwing       | 3 |  3.0
Necromancy     | 4 |  4.0
Dodging        | |  6.7
Evocations     | |  4.8

Action                     |  1- 3 |  4- 6 || total
---------------------------+-------+-------++-------
  Melee: Dagger            |    53 |       ||    53
         Bite              |    10 |     5 ||    15
         Scimitar          |    28 |    89 ||   117
  Throw: Throwing net      |     2 |       ||     2
   Stab: Sleeping          |     2 |     1 ||     3
         Held in net/web   |     2 |       ||     2
 Armour: Leather armour    |    15 |    35 ||    50
  Dodge: Dodged            |    53 |    91 ||   144
